 Dungeon Sprint DCSS version 0.24.0-123-gd5b16e6ec5 (webtiles) character file.

Game seed: 5805705577733286277, levelgen mode: deterministic

486 McKennaii the Carver (level 6, -22/52 HPs)
             Began as a Demonspawn Fighter on Dec 23, 2019.
             Annihilated by an earth elemental (29 damage)
             ... summoned by a deep elf mage
             ... in the Dungeon (Sprint III: "The Ten Rune Challenge").
             The game lasted 00:02:04 (520 turns).

McKennaii the Carver (Demonspawn Fighter)            Turns: 520, Time: 00:02:05

Health: -22/52     AC:  7    Str: 17    XL:     6   Next: 89%
Magic:  6/6        EV:  9    Int: 10    God:
Gold:   4          SH: 18    Dex: 13    Spells: 5/5 levels left

rFire    . . .     SeeInvis .   a - +0 long sword
rCold    . . .     Gourm    .   c - +0 shield
rNeg     . . .     Faith    .   b - +0 scale mail
rPois    .         Spirit   .   (no helmet)
rElec    .         Reflect  .   (no cloak)
rCorr    .         Harm     .   (no gloves)
MR       .....     NoTele   +   (no boots)
Stlth    ..........             (no amulet)
HPRegen  0.17/turn              (no ring)
MPRegen  0.10/turn              (no ring)

@: berserk cooldown, slowed, very slow
A: large bone plates 3
a: no special abilities


You were in the Dungeon.
You were not hungry.

You visited 1 branch You collected 4 gold pieces.

Inventory:

Hand Weapons
 a - a +0 long sword (weapon)
Armour
 b - a +0 scale mail (worn)
 c - a +0 shield (worn)
Scrolls
 k - a scroll of blinking
Potions
 h - a potion of haste
 i - 2 potions of magic
 l - 2 potions of resistance {unknown}
Comestibles
 f - a ration


   Skills:
 + Level 6.2 Fighting
 * Level 8.7 Long Blades
 + Level 6.5 Armour
 + Level 2.2 Dodging
 + Level 0.3 Stealth
 + Level 7.1 Shields


You had 5 spell levels left.
You didn't know any spells.
Your spell library contained the following spells:

 Spells                   Type           Power        Failure   Level  Hunger
 Animate Skeleton         Necr           N/A          97%         1    ##.....
 Apportation              Tloc           #.....       97%         1    ##.....
 Confusing Touch          Hex            #.....       97%         1    ##.....
 Summon Small Mammal      Summ           #...         97%         1    ##.....


Dungeon Overview and Level Annotations

Branches:
Dungeon (1/1)

Altars:
Elyvilon
Kikubaaqudgha
Okawaru
Sif Muna
Trog
Uskayaw
Vehumet
Wu Jian
Zin
The Shining One
Beogh


Innate Abilities, Weirdness & Mutations

You are completely covered in large bone plates. (SH +8)


Message History

You slash the human!
You kill the human!
Your Long Blades skill increases to level 8!
Your Dodging skill increases to level 2!
Your Shields skill increases to level 7!
You feel a strong urge to attack something.
You are no longer berserk.
You are exhausted.
You feel yourself slow down.
You feel better.
Your shield prevents you from hitting the earth elemental.
The deep elf mage casts a spell.
The deep elf mage blinks!
The earth elemental hits you.
* * * LOW HITPOINT WARNING * * *
Okay, then.
You hit the earth elemental.
The earth elemental is lightly damaged.
The earth elemental hits you!!
Ouch! That really hurt!
You die...

▓ ▓▓▓ # ♣.######### #
#....♣♣♣ ♣.#___#_p_#
####....♣.♣ ♣.#@E.#__.
...#....≈.♣ ♣♣.###)#'###+##
...#...≈≈♣♣♣♣..#..........#
...#..≈≈≈≈♣....'.⌠e.......#
##'#..≈≈≈≈≈≈♣♣.#...######+#
)..#.≈≈≈≈≈≈....#.⌠.#
...#.≈≈≈≈≈.....#...#
...#.≈≈≈.......#'###
####...........#.).#


You could see an earth elemental.

Vanquished Creatures
  A water elemental (D)
  A scorpion (D)
  A wizard (D)
  Jessica (D)
  3 humans (D)
  A kobold demonologist (D)
  2 oozes (D)
10 creatures vanquished.

Vanquished Creatures (others)
  2 draconian scorchers (D)
  6 hellions (D)
  A yaktaur (D)
9 creatures vanquished.

Grand Total: 19 creatures vanquished

Notes
Turn   | Place    | Note
-------+----------+-------------------------------------------
     0 | D        | McKennaii the Demonspawn Fighter began the quest for the
                  | Orb.
     0 | D        | Reached XP level 1. HP: 18/18 MP: 1/1
     6 | D        | Reached skill level 2 in Long Blades
    10 | D        | Gained mutation: You are partially covered in large bone
                  | plates. (SH +4) [demonic ancestry]
    10 | D        | Reached XP level 2. HP: 24/25 MP: 2/2
    18 | D        | Noticed Jessica
    21 | D        | Killed Jessica
    21 | D        | Reached skill level 3 in Long Blades
    21 | D        | Gained mutation: You are mostly covered in large bone
                  | plates. (SH +6) [demonic ancestry]
    21 | D        | Reached XP level 3. HP: 25/30 MP: 3/3
   109 | D        | Killed a hellion
   119 | D        | Killed a hellion
   132 | D        | Killed a hellion
   146 | D        | Killed a yaktaur
   184 | D        | Killed a white draconian scorcher
   202 | D        | Killed a white draconian scorcher
   207 | D        | Killed a hellion
   208 | D        | Killed a hellion
   300 | D        | Killed a hellion
   335 | D        | Noticed a scorpion
   353 | D        | Killed a scorpion
   353 | D        | Reached skill level 5 in Fighting
   353 | D        | Reached skill level 4 in Long Blades
   353 | D        | Gained mutation: You are completely covered in large bone
                  | plates. (SH +8) [demonic ancestry]
   353 | D        | Reached XP level 4. HP: 26/39 MP: 4/4
   461 | D        | Noticed a water elemental
   466 | D        | Killed a water elemental
   466 | D        | Reached skill level 5 in Long Blades
   466 | D        | Reached skill level 5 in Armour
   466 | D        | Reached skill level 1 in Dodging
   466 | D        | Reached skill level 5 in Shields
   466 | D        | Reached XP level 5. HP: 44/44 MP: 5/5
   470 | D        | Found a radiant altar of Vehumet.
   470 | D        | Found a shimmering blue altar of Sif Muna.
   470 | D        | Found an ancient bone altar of Kikubaaqudgha.
   472 | D        | Noticed a red devil
   474 | D        | Reached skill level 6 in Long Blades
   479 | D        | Noticed a red devil
   490 | D        | Found a glowing silver altar of Zin.
   490 | D        | Found a glowing golden altar of the Shining One.
   490 | D        | Found a white marble altar of Elyvilon.
   491 | D        | Noticed a deep elf mage
   492 | D        | Found a hide-covered altar of Uskayaw.
   492 | D        | Found a roughly hewn altar of Beogh.
   492 | D        | Found an iron altar of Okawaru.
   492 | D        | Found a bloodstained altar of Trog.
   492 | D        | Found an ornate altar of the Wu Jian Council.
   492 | D        | Noticed a human
   492 | D        | Noticed a human
   508 | D        | Killed a human
   508 | D        | Reached skill level 7 in Long Blades
   508 | D        | Reached XP level 6. HP: 21/52 MP: 6/6
   514 | D        | Killed a human
   514 | D        | Reached skill level 8 in Long Blades
   520 | D        | Annihilated by an earth elemental

Levels and vault maps discovered:
D:        dungeon_sprint_mu [sprint_mu_entry_forest, sprint_mu_temple_rooms,
          sprint_mu_d1_spiders, sprint_mu_d2_genie, sprint_mu_d3_branching,
          sprint_mu_orc_legion, sprint_mu_elf_gauntlet, sprint_mu_hive_nellie,
          sprint_mu_lair_fedhas, sprint_mu_vaults_butterflies,
          sprint_mu_slime_circle, sprint_mu_swamp_cave, sprint_mu_snake_twists,
          sprint_mu_blade_basic, sprint_mu_crypt_lich, sprint_mu_tomb_spiral,
          sprint_mu_vestibule_basic, sprint_mu_gehenna_hellfire,
          sprint_mu_dis_giant, sprint_mu_tartarus_statrot,
          sprint_mu_cocytus_islands, sprint_mu_zot1]

Skill      XL: |  1  2  3  4  5  6 |
---------------+-------------------+-----
Long Blades    | 2 3 4 5 7 8 |  8.7
Armour         | 3 4 5 6 |  6.5
Shields        | 3 4 5 6 7 |  7.1
Fighting       | 4 5 6 |  6.2
Dodging        | 1 2 |  2.2
Stealth        | |  0.3

Action                   |  1- 3 |  4- 6 || total
-------------------------+-------+-------++-------
Melee: Long sword        |    45 |    30 ||    75
  Use: Potion            |       |     4 ||     4
Armor: Scale mail        |     6 |     4 ||    10
Dodge: Dodged            |    11 |     5 ||    16
Block: Shield            |    24 |    35 ||    59
       Rpst.: Long sword |     4 |     2 ||     6
